 Dungeon Crawl Stone Soup version 0.31.0-11-ge490571c62 (webtiles) character file.

Game seed: 5441486417152559260

41 qw the Shooter (level 3, -4/18 HPs)
             Began as a Spriggan Hunter on Feb 4, 2024.
             Slain by Terence
             ... wielding a +0 hand axe
              (9 damage)
             ... on level 2 of the Dungeon.
             The game lasted 00:00:03 (713 turns).

qw the Shooter (Spriggan Hunter)                     Turns: 713, Time: 00:00:03

Health: -4/18      AC:  2    Str:  7    XL:     3   Next: 32%
Magic:  4/4        EV: 19    Int: 10    God:
Gold:   107        SH:  0    Dex: 20    Spells: 2/2 levels left

rFire   . . .        a - +0 shortbow
rCold   . . .        (shield currently unavailable)
rNeg    . . .        c - +0 robe
rPois   .            (helmet restricted)
rElec   .            (no cloak)
rCorr   .            (gloves unavailable)
SInv    +            (boots unavailable)
Will    .....        (no amulet)
Stlth   ++           (no ring)
HPRegen 0.23/turn    (no ring)
MPRegen 0.09/turn

%: no passive effects
@: very quick
A: very small, no large weapons, unfitting armour, see invisible, speed 3
a: no special abilities


You were on level 2 of the Dungeon.
You visited 1 branch of the dungeon, and saw 2 of its levels.

You collected 107 gold pieces.


Innate Abilities, Weirdness & Mutations

You are very small and have problems with some larger weapons.
You are too small for most types of armour.
You have supernaturally acute eyesight. (SInv)
You cover ground extremely quickly. (Speed+++)


   Skills:
 - Level 1.5 Fighting
 + Level 4.6 Ranged Weapons
 - Level 4.0 Dodging
 - Level 1.5 Stealth


You had 2 spell levels left.
You didn't know any spells.
Your spell library was empty.

Inventory:

Hand Weapons
 a - a +0 shortbow (weapon)
Armour
 c - a +0 robe (worn)
Scrolls
 b - a scroll of amnesia {unknown}
Potions
 e - a potion of heal wounds

Dungeon Overview and Level Annotations

Branches:
Dungeon (2/15)

Altars:

Annotations:
D:2 Terence


Message History

Terence is moderately wounded.
Terence closely misses you.
You shoot an arrow.
The arrow hits Terence but does no damage.
Terence is moderately wounded.
Terence shouts, "Now you die!" Terence closely misses you.
You shoot an arrow. The arrow completely misses Terence.
Terence barely misses you. Terence hits you with a +0 hand axe.
You shoot an arrow. The arrow hits Terence.
Terence is moderately wounded.
Terence completely misses you.
You shoot an arrow.
The arrow hits Terence but does no damage.
Terence is moderately wounded.
Terence barely misses you.
You shoot an arrow.
The arrow hits Terence but does no damage.
Terence is moderately wounded.
Terence hits you with a +0 hand axe.
You shoot an arrow.
The arrow hits Terence but does no damage.
Terence is moderately wounded.
Terence closely misses you.
You shoot an arrow. The arrow closely misses Terence.
Terence misses you.
You shoot an arrow. The arrow hits Terence.
Terence is heavily wounded.
Terence closely misses you. Terence completely misses you.
You shoot an arrow. The arrow closely misses Terence.
Terence completely misses you.
You shoot an arrow. The arrow barely misses Terence.
Terence hits you with a +0 hand axe.
You shoot an arrow. The arrow hits Terence.
Terence is severely wounded.
Terence shouts, "DIE!!!"
Terence hits you with a +0 hand axe!
Ouch! That really hurt!
You die...
Terence says, "Time to find some more victims."

#.# #.# #.# #.# #.#
#.# #### #.# #.#
#.. #.###.##
##.#########.......
#...........>....##
##.###############
#@# #..@.# #.#..# #
#..# ...# ....#
.#.## #.#.


You could see Terence.

Vanquished Creatures
  3 dart slugs (D:1)
  2 ball pythons (D:1)
  5 bats (D:1)
  4 goblins (D:1)
  4 hobgoblins (D:1)
  4 jackals (D:1)
  2 quokkas (D:1)
  A frilled lizard (D:1)
  4 kobolds (D:1)
  A rat (D:2)
30 creatures vanquished.

Notes
Turn   | Place    | Note
-------+----------+-------------------------------------------
     0 | D:1      | qw the Spriggan Hunter began the quest for the Orb.
     0 | D:1      | Reached XP level 1. HP: 10/10 MP: 2/2
     0 | D:1      | 0 ||| qw: Version: 0.3-a-160-g6735b56
     0 | D:1      | 0 ||| qw: Game counter: 5502
     0 | D:1      | 0 ||| qw: Melee chars always use a shield: true
     0 | D:1      | 0 ||| qw: God list: Okawaru
     0 | D:1      | 0 ||| qw: Allow faded altars: false
     0 | D:1      | 0 ||| qw: Do Orc after clearing Dungeon:15 true
     0 | D:1      | 0 ||| qw: Do second Lair branch before Depths: true
     0 | D:1      | 0 ||| qw: Lair rune preference: random
     0 | D:1      | 0 ||| qw: Goals: Normal
     0 | D:1      | 0 ||| PLANNING D:1-11
    14 | D:1      | Reached skill level 3 in Dodging
   151 | D:1      | Reached XP level 2. HP: 14/14 MP: 3/3
   337 | D:1      | Reached XP level 3. HP: 15/18 MP: 4/4
   553 | D:1      | 553 ||| READING scroll labelled XAW VAQARA.
   553 | D:1      | 553 ||| IDENTIFYING blue potion
   554 | D:1      | 554 ||| READING 3 scrolls labelled QOSOAH MEKLOINTY.
   555 | D:1      | 555 ||| READING scroll labelled XOOMUWN WU TIGO.
   556 | D:1      | 556 ||| READING scroll labelled VECOIH QUACRI.
   556 | D:1      | 556 ||| ENCHANTING +0 shortbow.
   557 | D:1      | 557 ||| DROPPING scroll of butterflies.
   558 | D:1      | 558 ||| DROPPING 2 scrolls of poison.
   560 | D:1      | 560 ||| Stepping ~*~*~tactically~*~*~ (cloud).
   566 | D:1      | HP: 4/18 [poisoned by you (poison gas)]
   696 | D:2      | Noticed Terence
   713 | D:2      | Slain by Terence

Levels and vault maps discovered:
D:1:      lemuel_arrival_cross, layout_basic, minmay_ruptured
D:2:      layout_loops_ring, minmay_hedge_maze, minmay_misc_feat_rugged,
          moated_statue, uniq_terence, uniq_sigmund, uniq_robin

Skill      XL: |  1  2 |
---------------+-------+-----
Dodging        | 3 4 |  4.0
Fighting       | |  1.5
Ranged Weapons | |  4.6
Stealth        | |  1.5

Action                     || total
---------------------------++-------
   Fire: Shortbow          ||    83
    Use: Scroll            ||     4
 Armour: Robe              ||     9
  Dodge: Dodged            ||    33

Table legend:
 A = Non-vault XP
 B = Vault XP
 C = Vault XP percentage of total XP
 D = Non-vault monster count
 E = Vault monster count
 F = Vault count percentage of total count
                 A         B        C        D         E       F
            +---------+---------+-------+---------+---------+-------
      Total |      47 |      12 |  20.3 |      26 |       4 |  13.3
            +---------+---------+-------+---------+---------+-------
        D:1 |      46 |      12 |  20.7 |      25 |       4 |  13.8
        D:2 |       1 |       0 |   0.0 |       1 |       0 |   0.0
            +---------+---------+-------+---------+---------+-------
